 Dungeon Crawl Stone Soup version 0.18-a0-1702-gd20c6a5 (webtiles) character file.

908101 Chiseanne the Acrobat (level 27, 84/243 HPs)
             Began as a Demonspawn Wanderer on Apr 5, 2016.
             Was an Initiate of Gozag.
             Drowned
             ... in Pandemonium on Apr 6, 2016.
             The game lasted 11:54:01 (93489 turns).

Chiseanne the Acrobat (Demonspawn Wanderer)        Turns: 93489, Time: 11:54:01

Health: 84/243     AC: 48    Str: 28    XL:     27
Magic:  50/50      EV: 30    Int: 18    God:    Gozag
Gold:   213        SH: 25    Dex: 23    Spells: 16 memorised, 8 levels left

rFire  + + +     SeeInvis +     s - +18 lance "Wyrmbane" {slay drac, +Rage rPois rF+ AC+5}
rCold  + + +     Gourm    .     t - +12 gold dragon armour
rNeg   + + .     Faith    .     k - +0 large shield {rC+ rF+}
rPois  +         Spirit   .     L - -2 hat of the Alchemist {rElec rPois rF+ rC+ rN+ MR+ rMut rCorr}
rElec  +         Dismiss  +     c - +1 cloak {MR+}
rCorr  +         Reflect  .     I - +2 pair of fencer's gloves {LBl+4 SBl+4 EV+3 Dex+6}
rMut   +         Harm     .     (boots unavailable)
SustAt .                        M - amulet of Muicextotry {Dismiss MR+ Slay+5}
MR     +++++                    H - ring of the King {rN+ Str+4 Dex-3 Slay+5}
Stlth  ..........               m - ring "Naiw" {+Fly MP+9 SInv}

@: mighty, agile, about to teleport, shrouded, frozen, gold aura, repel
missiles, bribing [Pandemonium], very slow, almost entirely resistant to hostile
enchantments, extremely unstealthy
A: hooves 3, rugged brown scales 3, cold resistance 1, demonic guardian 3,
passive freeze, powered by pain 3, freezing cloud immunity
a: Potion Petition, Call Merchant, Bribe Branch, Renounce Religion, Evoke
Berserk Rage, Evoke Flight
}: 7/15 runes: barnacled, slimy, silver, icy, abyssal, magical, gossamer


You were in Pandemonium.
You worshipped Gozag.
Gozag was noncommittal.
You were completely stuffed.

You visited 15 branches of the dungeon, and saw 75 of its levels.
You visited Pandemonium 1 time, and saw 8 of its levels.
You visited the Abyss 1 time.
You visited 1 ziggurat, and saw 17 of its levels.
You also visited: Labyrinth, Sewer, Ice Cave and Volcano.

You collected 58008 gold pieces.
You spent 23578 gold pieces at shops.
You paid 34217 gold pieces to Gozag.

Inventory:

Hand Weapons
 a - the +5 broad axe "Murmur" {flame, Str+3 Dex+3}
   (You bought it in a shop on level 12 of the Dungeon)

   It has been specially enchanted to burn those struck by it, causing extra
   injury to most foes and up to half again as much damage against particularly
   susceptible opponents.
   Big, fiery blades are also staple armaments of hydra-hunters.
   It affects your strength (+3).
   It affects your dexterity (+3).
 e - a +9 hand crossbow of flaming
 s - the +18 lance "Wyrmbane" (weapon) {slay drac, +Rage rPois rF+ AC+5}
   (You bought it in a shop on level 2 of the Orcish Mines)

   It affects your AC (+5).
   It protects you from fire.
   It protects you from poison.
   It lets you go berserk.
Missiles
 W - 12 throwing nets (quivered) {!*}
Armour
 c - a +1 cloak of magic resistance (worn)
 k - a +0 large shield of resistance (worn)
 t - a +12 gold dragon armour (worn)
 I - the +2 pair of fencer's gloves (worn) {LBl+4 SBl+4 EV+3 Dex+6}
   (You bought it in a shop on level 2 of the Lair of Beasts)

   It affects your evasion (+3).
   It affects your dexterity (+6).
 L - the -2 hat of the Alchemist (worn) {rElec rPois rF+ rC+ rN+ MR+ rMut rCorr}
   (You bought it in a shop on level 15 of the Dungeon)

   It protects you from fire.
   It protects you from cold.
   It insulates you from electricity.
   It protects you from poison.
   It protects you from negative energy.
   It affects your resistance to hostile enchantments.
   It protects you from acid and corrosion.
   It protects you from mutation.
Rods
 D - a +4 rod of ignition (10/10)
   (You found it on level 3 of the Crypt)
Jewellery
 m - the ring "Naiw" (left hand) {+Fly MP+9 SInv}
   (You bought it in a shop on level 7 of the Dungeon)

   [ring of magical power]

   It affects your magic capacity (+9).
   It lets you see invisible.
   It lets you fly.
 H - the ring of the King (right hand) {rN+ Str+4 Dex-3 Slay+5}
   (You took it off a vampire knight on level 3 of the Crypt)

   [ring of positive energy]

   It affects your strength (+4).
   It affects your dexterity (-3).
   It affects your accuracy and damage with ranged weapons and melee attacks
   (+5).
   It protects you from negative energy.
 M - the amulet of Muicextotry (around neck) {Dismiss MR+ Slay+5}
   (You bought it in a shop on level 12 of the Dungeon)

   [amulet of dismissal]

   It may teleport away creatures that harm you.
   It affects your accuracy and damage with ranged weapons and melee attacks
   (+5).
   It affects your resistance to hostile enchantments.
Wands
 o - a wand of digging (6/24)
 p - a wand of hasting (3/9)
 v - a wand of disintegration (0/24)
 w - a wand of heal wounds (0/9)
Scrolls
 b - 5 scrolls of immolation
 n - 4 scrolls of identify
 K - 28 scrolls of remove curse
 T - 11 scrolls of magic mapping
 U - 4 scrolls of fog
 V - 4 scrolls of silence
Potions
 f - 2 potions of might
 g - 6 potions of resistance
 u - 4 potions of brilliance
 x - 9 potions of cure mutation
 y - 6 potions of ambrosia
 B - 5 potions of magic
 E - 27 potions of curing
 N - a potion of heal wounds
 P - 3 potions of flight
 S - 4 potions of cancellation
Books
 i - a book of Power

   Spells                             Type                      Level
   a - Fulminant Prism                Conjuration/Hexes            4
   b - Iskenderun's Mystic Blast      Conjuration                  4
   c - Venom Bolt                     Conjuration/Poison           5
   d - Bolt of Magma                  Conjuration/Fire/Earth       5
   e - Iron Shot                      Conjuration/Earth            6
   f - Orb of Destruction             Conjuration                  7
   g - Spellforged Servitor           Conjuration/Summoning        7
Miscellaneous
 h - 3 phantom mirrors
 l - the horn of Geryon (inert)
 q - a box of beasts
 r - a sack of spiders {used: 3}
 z - a phial of floods
 A - a fan of gales (inert)
 C - a stone of tremors
 F - a lamp of fire
 Q - a disc of storms
 X - a sack of spiders {used: 5}
Comestibles
 j - 15 meat rations
 G - 2 bread rations


   Skills:
 * Level 21.0 Fighting
 - Level 18.0 Axes
 - Level 6.0 Crossbows
 * Level 20.8 Armour
 * Level 21.2 Dodging
 - Level 1.7 Stealth
 * Level 20.9 Shields
 * Level 14.6 Spellcasting
 - Level 19.1 Hexes
 - Level 12.9 Charms
 - Level 10.0 Necromancy
 - Level 13.0 Translocations
 - Level 8.3 Fire Magic
 - Level 3.0 Air Magic
 - Level 6.0 Evocations


You had 8 spell levels left.
You knew the following spells:

 Your Spells              Type           Power        Failure   Level  Hunger
a - Apportation           Tloc           ######....   1%          1    None
b - Confuse               Hex            ######..     1%          3    None
c - Tukima's Dance        Hex            ######..     1%          3    None
d - Swiftness             Chrm/Air       #####...     6%          2    None
e - Repel Missiles        Chrm/Air       #####.       6%          2    None
f - Passage of Golubria   Tloc           N/A          4%          4    None
g - Shroud of Golubria    Chrm/Tloc      ######....   1%          2    None
h - Spectral Weapon       Hex/Chrm       ######..     1%          3    None
i - Cause Fear            Hex            ######....   1%          4    None
j - Dazzling Spray        Conj/Hex       #####...     8%          3    None
k - Inner Flame           Hex/Fire       ######..     1%          3    None
l - Summon Guardian Gole  Hex/Summ       #####...     8%          3    None
m - Regeneration          Chrm/Necr      ######....   2%          3    None
n - Cure Poison           Pois           ##........   97%         2    None
o - Invisibility          Hex            ######..     8%          6    #####..
p - Vampiric Draining     Necr           #####.....   6%          3    None


Dungeon Overview and Level Annotations

Branches:
Dungeon (15/15)            Temple (1/1) D:7            Lair (8/8) D:8
 Shoals (4/4) Lair:5       Spider (4/4) Lair:3        Slime (6/6) Lair:8
    Orc (2/2) D:11            Elf (3/3) Orc:2        Vaults (5/5) D:13
  Crypt (3/3) Vaults:2       Tomb (0/3) Crypt:3      Depths (5/5) D:15
   Hell (1/1)                 Dis (7/7) Hell            Coc (7/7) Hell
    Zot (4/5) Depths:5
    Geh: Hell:1         Tar: Hell:1

Altars:
Ashenzari
Cheibriados
Dithmenos
Elyvilon
Fedhas
Gozag
Kikubaaqudgha
Makhleb
Nemelex Xobeh
Okawaru
Pakellas
Qazlal
Ru
Sif Muna
Trog
Vehumet
Xom
Yredelemnul
Zin
The Shining One
Beogh
Jiyva

Shops:
D:7 =[   D:9 }(   D:12 ((=   D:13 :[?[(   D:15 [([(=[[[   Orc:2 [*[}(*:
Elf:3 !   Lair:2 [   Vaults:1 *[[[   Vaults:2 (   Vaults:3 (   Depths:1 *
Depths:2 }

Portals:
Hell: Lair:8 Depths:1 Depths:2 Depths:3 Depths:4 Depths:5
Abyss: Depths:3 Depths:4 Depths:5
Pandemonium: Depths:3 Depths:5
Trove: D:10 (give 11 potions of heal wounds)

Annotations:
D:13 exclusion: downstairs
D:14 exclusion: door
D:15 exclusion: Roxanne, Roxanne
Slime:2 exclusion: upstairs
Elf:1 exclusion: downstairs
Elf:2 3 runed doors
Zot:2 exclusion: upstairs
Pan Lom Lobon


Innate Abilities, Weirdness & Mutations

You have hooves in place of feet.
You are completely covered in rugged brown scales (AC +3, +7% HP).
Your flesh is cold resistant.
A powerful demonic guardian rushes to your aid.
A frigid envelope surrounds you and freezes all who hurt you.
You are powered by pain.
You are immune to freezing clouds.


Message History

The great icy blast engulfs you! You partially resist.
You focus on the pain.
You feel agile all of a sudden.
You are encased in ice.
Really fly into that cloud of raging winds?
Okay, then.
Unknown command.
Read which item? (? for menu, Esc to quit)
As you read the scroll of teleportation, it crumbles to dust.
You feel strangely unstable.
Your air elemental is engulfed in freezing vapours.
Your air elemental hits Lom Lobon but does no damage.
Your air elemental is engulfed in freezing vapours.
Your air elemental completely misses Lom Lobon.
Your air elemental is engulfed in freezing vapours.
Your air elemental hits Lom Lobon!
You float gracefully downwards.
You fall into the water!
You sink like a stone!
You drown...
You die...
Your body crumbles into a pile of gold.

#≈≈≈≈≈§§§§§§§§§E≈≈§#####.
##≈≈≈≈§§§..§.§§§§§###...##
#≈≈≈≈≈§§.§..§≈≈§§##.......
#≈≈≈≈≈§.§§§§§§§≈##........
≈≈≈≈≈≈..§§E≈§§≈§#...≈≈≈≈≈.
≈≈≈≈≈..§§§§≈§≈§##..≈≈≈≈≈≈≈
≈≈≈≈≈.§..§&§≈§≈#..≈≈≈≈≈≈≈≈
#≈≈≈≈≈.§§§§§§§§§#..≈≈≈≈≈≈≈≈
#≈≈≈≈≈§§§§@§§§≈##..≈≈≈≈≈≈≈≈
#≈≈≈≈≈§§§§§§§§§#..≈≈≈≈≈.≈≈≈
#≈≈≈≈≈§§§§§§§§§#..≈≈≈≈..)≈≈
#≈≈≈≈≈§§§§§§§§§#..≈≈≈≈...≈≈
#≈≈≈≈≈≈≈≈...≈≈≈#..≈≈≈≈≈.≈≈≈
#..≈≈≈≈≈≈...≈≈≈##..≈≈≈≈≈≈≈≈
##...≈≈≈≈≈≈..≈≈≈≈#..≈≈≈≈≈≈≈≈
#.....≈≈≈≈≈..≈≈≈≈##..≈≈≈≈≈≈≈
##.....≈≈≈≈....≈≈≈≈#...≈≈≈≈≈≈


You could see Lom Lobon and a friendly air elemental.

Vanquished Creatures
  Antaeus (Coc:7)
  the Royal Jelly (Slime:6)
  An orb of fire (Zot:3)
  The ghost of MDvedh the Executioner, a legendary MiBe of the Shining One (Dis:7)
  Mara (Vaults:2)
  A juggernaut (Depths:3)
  2 ancient liches
  3 greater mummies (Zig:15)
  Boris (Vaults:5)
  Saint Roka (Crypt:2)
  5 shard shrikes
  An iron giant (Dis:7)
  Frederick (Crypt:2)
  8 caustic shrikes
  A curse toe (Zot:1)
  5 golden dragons
  5 bone dragons
  Nikola (Elf:1)
  2 profane servitors
  4 Tzitzimimeh
  3 electric golems
  7 liches
  Xtahua (Vaults:5)
  4 Brimstone Fiends
  2 Hell Sentinels (Dis:7)
  Jorgrun (Elf:2)
  12 Ice Fiends
  Asterion (Vaults:1)
  2 deep elf blademasters (Elf:3)
  10 titans
  13 tentacled monstrosities
  A quicksilver dragon (Dis:7)
  20 acid blobs
  2 deep elf master archers
  11 ancient champions
  The ghost of feelmyfire the Tortoise, an adept MiFi of Okawaru (Spider:4)
  An eldritch tentacle (Coc:4)
  Polyphemus (Shoals:2)
  6 Executioners
  4 death cobs
  12 sphinxes
  10 storm dragons
  7 tentacled starspawn
  Kirke (D:15)
  A storm dragon (shapeshifter) (Vaults:5)
  2 draconian monks
  9 shadow dragons
  14 azure jellies
  8 tengu reavers
  5 revenants
  5 draconian knights
  Maud (D:13)
  3 iron dragons
  3 ghost moths
  A greater naga (Zig:9)
  4 deep elf sorcerers
  17 fire giants
  5 balrugs
  A curse skull (Crypt:1)
  18 frost giants
  2 draconian scorchers
  A draconian zealot (Zig:13)
  2 draconian shifters
  2 emperor scorpions (Spider:4)
  An angel (Abyss:2)
  27 reapers
  4 deep elf elementalists
  5 cacodemons
  A warmonger (Zig:11)
  An orc warlord (Zig:8)
  10 ghouls
  15 ironheart preservers
  3 draconian annihilators (Pan)
  17 vault wardens
  10 war gargoyles
  18 very ugly things
  A caustic shrike skeleton (Zig:15)
  2 spriggan defenders (Depths:4)
  28 stone giants
  2 pandemonium lords
  8 deep elf demonologists
  3 elemental wellsprings
  5 green draconians
  4 draconian callers
  2 corrupters (Zig:11)
  6 blood saints
  2 bennus (Zig:15)
  16 vampire knights
  Nessos (Lair:5)
  2 salamander stormcallers
  11 deep elf annihilators
  3 yellow draconians
  8 lorocyprocas
  5 white draconians
  13 spark wasps
  3 purple draconians
  3 red draconians
  A dire elephant (Lair:8)
  2 merfolk javelineers (Shoals:4)
  2 eidola
  2 mottled draconians (Zig:13)
  27 blizzard demons
  An ettin (shapeshifter) (Vaults:2)
  6 mummy priests (Zig:15)
  4 green deaths
  A minotaur (Lab)
  8 ettins
  12 death oozes (Slime:6)
  4 quicksilver dragon zombies
  19 yaktaur captains
  30 jiangshi
  Snorg (D:11)
  A merfolk impaler (Shoals:2)
  25 vault guards
  4 deep elf high priests
  11 deep elf death magi
  16 fire dragons
  Josephine (D:13)
  15 entropy weavers
  16 great orbs of eyes
  17 ogre magi
  An ice dragon (shapeshifter) (Vaults:5)
  6 rakshasas
  A ghost crab (shapeshifter) (Elf:1)
  40 ice dragons
  A naga warrior (Zig:2)
  2 kraken zombies
  5 spriggan air magi
  2 merfolk avatars (Zig:6)
  An iron giant zombie (Zig:15)
  7 death knights
  A catoblepas (Shoals:2)
  10 hydras
  An alligator snapping turtle (Shoals:2)
  A titan zombie (Dis:7)
  An alligator (Zig:5)
  7 centaur warriors
  5 deep troll earth magi
  4 tengu warriors
  4 merfolk aquamancers
  2 hell hogs
  10 death yaks
  11 vampire magi
  13 deep troll shamans
  Urug (Lair:4)
  5 spriggan berserkers
  25 deep elf knights
  12 thrashing horrors
  A naga sharpshooter (Zig:2)
  Nergalle (D:11)
  2 iron golems (Depths:1)
  2 orc high priests
  4 storm dragon zombies
  10 sun demons
  3 shock serpents (Pan)
  17 soul eaters
  5 wretched stars
  3 titan skeletons
  3 spatial maelstroms
  A fire crab (shapeshifter) (D:13)
  11 shadow wraiths
  10 iron trolls
  66 skeletal warriors
  3 ghost moth zombies
  4 storm dragon skeletons
  5 fire crabs
  9 golden dragon zombies
  5 sea snakes
  11 flayed ghosts
  24 hell knights
  3 death scarabs (Zig:15)
  8 giant orange brains
  A spriggan druid (Zig:7)
  A swamp dragon (Zig:5)
  A shadow dragon zombie (Coc:7)
  33 deep trolls
  2 putrid demonspawn
  A shadow demon (Pan)
  A torturous demonspawn (Pan)
  3 unseen horrors
  4 anaconda zombies
  15 deep elf archers
  A tengu zombie (Zig:15)
  4 anubis guards (Zig:15)
  6 hill giants
  10 phantasmal warriors
  21 orc knights
  2 shadow dragon skeletons
  19 ironbrand convokers
  A wolf spider (shapeshifter) (Vaults:5)
  12 harpies
  6 iron dragon zombies
  3 golden dragon skeletons (Coc:2)
  20 wolf spiders
  A mana viper (shapeshifter) (Vaults:2)
  14 necromancers
  8 orc sorcerers
  7 fauns
  5 frost giant zombies
  5 anaconda skeletons
  16 orb spiders
  2 cyclopes (shapeshifter)
  13 griffons
  44 ugly things
  3 stone giant zombies
  An iron dragon skeleton (Coc:3)
  6 hornets (Spider:4)
  2 sphinx skeletons
  63 deep elf magi
  2 hornets (shapeshifter)
  3 human zombies
  4 salamanders
  14 cyclopes
  5 manticores
  A faun (shapeshifter) (Depths:3)
  24 large abominations
  A shining eye (Slime:3)
  15 wizards
  A manticore (shapeshifter) (Vaults:3)
  The ghost of inmateoo the Changer, a novice FeTm of Makhleb (D:8)
  3 fire giant zombies
  12 elephants
  A salamander (shapeshifter) (Vaults:4)
  9 sixfirhies
  4 frost giant skeletons
  3 worldbinders
  2 stone giant skeletons
  A guardian serpent (shapeshifter) (Depths:4)
  9 black mambas
  A black mamba (shapeshifter) (Vaults:3)
  A water nymph (Shoals:2)
  2 apocalypse crabs
  2 ice statues (Coc:7)
  8 moths of wrath
  A torpor snail (Spider:1)
  A naga mage (Zig:9)
  31 rust devils
  3 eyes of devastation
  A torpor snail (shapeshifter) (Zig:8)
  23 vault sentinels
  4 fire giant skeletons
  7 sirens
  Joseph (D:7)
  Psyche (D:11)
  A dire elephant zombie (Coc:4)
  A molten gargoyle (Volcano)
  A storm dragon simulacrum (Vaults:2)
  4 gargoyles
  An eye of devastation (shapeshifter) (Depths:1)
  2 catoblepas zombies
  7 orange demons
  A shock serpent zombie (Crypt:2)
  A titan simulacrum (Coc:5)
  2 dire elephant skeletons
  13 spiny frogs
  19 smoke demons
  13 hellions
  An emperor scorpion zombie (Coc:7)
  An elf zombie (Depths:2)
  7 komodo dragons
  5 efreet
  A redback zombie (D:13)
  26 tormentors
  A swamp worm zombie (Crypt:1)
  42 freezing wraiths
  86 yaktaurs
  28 ice devils
  A rime drake (Lair:8)
  An anaconda simulacrum (Coc:1)
  11 demonic crawlers
  3 kobold demonologists
  11 hellwings
  A golden dragon simulacrum (Depths:2)
  A purple draconian skeleton (Crypt:2)
  5 harpy zombies (Shoals:1)
  8 trolls
  6 tengu conjurers
  14 hydra zombies
  An ancient zyme (Abyss:2)
  A human skeleton (Vaults:4)
  A merfolk (shapeshifter) (Elf:2)
  6 guardian mummies (Zig:15)
  31 jumping spiders
  13 polar bears
  A troll (shapeshifter) (Depths:3)
  Grinder (D:6)
  8 red devils
  17 merfolk
  30 two-headed ogres
  A wind drake (shapeshifter) (Depths:1)
  7 hydra skeletons
  A polar bear (shapeshifter) (Vaults:2)
  A wolf spider simulacrum (Abyss:2)
  A queen bee (Lair:6)
  19 boulder beetles
  A harpy skeleton (Coc:6)
  A tengu simulacrum (Depths:1)
  15 blink frogs
  A satyr zombie (Crypt:2)
  64 slime creatures
  27 raiju
  2 ushabtiu (Zig:15)
  4 fire dragon zombies
  2 ice dragon zombies
  A fire giant simulacrum (Hell)
  4 snapping turtles
  2 ettin zombies
  2 hornet zombies (D:15)
  3 bog bodies (Coc:7)
  2 stone giant simulacra
  A frost giant simulacrum (Vaults:4)
  3 alligator skeletons
  98 flying skulls
  6 air elementals
  8 alligator zombies
  2 ettin skeletons
  A black mamba zombie (Crypt:3)
  A vampire (D:13)
  48 yaks
  2 centaur simulacra (D:15)
  91 redbacks
  9 spriggans
  22 tarantellas
  17 wraiths
  2 wyverns
  A dire elephant simulacrum (Hell)
  2 ice dragon skeletons
  7 ynoxinuls
  22 water elementals
  A human (D:8)
  8 fire elementals
  23 shadows
  A tarantella (shapeshifter) (Vaults:5)
  3 golden eyes (Abyss:3)
  2 yaks (shapeshifter)
  A golden eye (shapeshifter) (Depths:3)
  10 hippogriffs
  4 hogs (D:15)
  8 neqoxecs
  7 chaos spawn
  6 basilisks
  Menkaure (D:6)
  2 hungry ghosts
  22 vampire mosquitoes
  A merfolk zombie (Dis:1)
  A spatial vortex (Abyss:4)
  4 insubstantial wisps (Abyss:3)
  5 mottled dragons
  A naga (Zig:2)
  8 wargs
  10 spiny frog zombies
  2 hydra simulacra
  2 torturous demonspawn skeletons
  19 water moccasins
  Duvessa (D:7)
  14 hell hounds
  11 porcupines
  An ice beast (shapeshifter) (Vaults:5)
  Purgy (Sewer)
  A tengu skeleton (Depths:2)
  2 hornet simulacra
  2 spiny frog skeletons (Hell)
  2 swamp drakes (Zig:5)
  7 ice beasts
  4 snapping turtle zombies
  A black bear (shapeshifter) (Abyss:3)
  6 eyes of draining
  4 sky beasts
  3 black bears
  2 eyes of draining (shapeshifter)
  45 orc warriors
  3 phantoms
  10 starcursed masses
  66 ogres
  13 wasps
  25 centaurs
  12 necrophages
  28 wolves
  15 boggarts
  A snapping turtle skeleton (Coc:5)
  13 crocodiles
  2 big kobolds
  2 big kobolds (shapeshifter)
  A komodo dragon zombie (Crypt:1)
  A rime drake zombie (Crypt:2)
  23 giant frogs
  6 earth elementals
  2 water moccasin zombies
  A giant frog (shapeshifter) (Vaults:2)
  2 spiny frog simulacra
  A komodo dragon skeleton (Crypt:1)
  Dowan (D:7)
  An infernal demonspawn simulacrum (Coc:6)
  A wyvern skeleton (D:8)
  3 scorpions
  A hippogriff zombie (Shoals:1)
  A warg zombie (Crypt:1)
  27 killer bees
  The ghost of Chiseanne the Insei, a weakling DsMo (D:3)
  2 troll skeletons
  42 wights
  6 electric eels
  3 howler monkeys
  2 quasits
  A human simulacrum (Vaults:1)
  A lava snake (Volcano)
  3 crimson imps
  4 giant frog zombies
  7 hounds
  2 centaur zombies
  Crazy Yiuf (D:4)
  16 orc priests
  18 iron imps
  20 jellies
  26 orc wizards
  3 centaur skeletons
  2 giant frog skeletons
  13 iguanas
  13 worker ants
  21 small abominations
  A killer bee zombie (D:9)
  19 sheep
  An ogre zombie (Coc:7)
  3 hound skeletons
  18 mummies
  Robin (D:2)
  4 gnolls (D:4)
  A howler monkey skeleton (D:4)
  4 worker ant zombies
  19 adders
  A naga simulacrum (Crypt:3)
  8 river rats
  4 shadow imps
  13 white imps
  2 ufetubi
  An adder zombie (D:6)
  An adder skeleton (D:8)
  3 worms (D:2)
  2 dart slugs (D:2)
  3 giant geckos
  108 orcs
  3 bats
  4 giant cockroaches
  12 goblins
  16 hobgoblins
  16 jackals
  24 kobolds
  8 quokkas
  4 ball pythons
  A giant gecko zombie (D:6)
  A hobgoblin skeleton (Crypt:1)
  A jackal skeleton (Crypt:2)
  A kobold skeleton (Crypt:2)
  A quokka skeleton (D:5)
  2 quokka zombies
  9 rats
  A bush (Lair:1)
  8 fungi
  A lurking horror (Abyss:2)
  8 macabre masses (Abyss:3)
  17 plants
  A spectral weapon (Vaults:1)
  6 starspawn tentacles
  2 tentacles (Coc:7)
3730 creatures vanquished.

Vanquished Creatures (collateral kills)
  Sojobo (Depths:5)
  An iron giant (Dis:7)
  Norris (Vaults:2)
  A Killer Klown (Zig:4)
  2 golden dragons
  Jory (Crypt:3)
  Geryon (Hell)
  A profane servitor (Crypt:1)
  Arachne (Spider:4)
  An electric golem (Zot:4)
  A Brimstone Fiend (Dis:7)
  A tentacled monstrosity (Vaults:5)
  4 Ice Fiends (Coc:7)
  2 titans
  2 liches
  2 acid blobs (Zig:14)
  3 sphinxes
  An ancient champion (Hell)
  A storm dragon (Zot:1)
  Ilsuiw (Shoals:4)
  2 tengu reavers
  An azure jelly (Slime:5)
  A storm dragon (shapeshifter) (Zig:17)
  A fire giant (Zig:8)
  2 deep elf elementalists (Elf:3)
  A ghost moth (Spider:4)
  2 frost giants (Depths:4)
  A deep elf sorcerer (Elf:3)
  8 vault wardens
  A draconian zealot (Zot:1)
  2 ghouls (Crypt:1)
  An emperor scorpion (Spider:4)
  A draconian scorcher (Zig:13)
  4 reapers
  4 ironheart preservers
  5 stone giants
  11 very ugly things
  A war gargoyle (Vaults:5)
  The ghost of namelastname112 the Archer, a journeyman DrWr of Dithmenos (D:14)
  A deep elf demonologist (Vaults:5)
  3 vampire knights
  2 salamander stormcallers
  A corrupter (Pan)
  A white draconian (Zot:1)
  A deep elf annihilator (Elf:3)
  A dire elephant (Lair:8)
  2 spark wasps (Depths:3)
  2 merfolk javelineers (Shoals:4)
  3 jiangshi (Crypt:3)
  3 blizzard demons
  An eidolon (Crypt:1)
  2 ettins
  2 vault guards
  A green death (Zig:11)
  A fire dragon (Depths:5)
  An entropy weaver (Zig:16)
  A great orb of eyes (Slime:6)
  3 yaktaur captains
  A monstrous demonspawn (Pan)
  2 rakshasas
  2 ice dragons
  2 death knights
  A dancing weapon (Zig:10)
  An alligator snapping turtle (Shoals:4)
  A deep troll earth mage (Depths:3)
  2 ogre magi
  2 deep troll shamans
  A death yak (Shoals:2)
  A spriggan berserker (Depths:3)
  7 hell knights
  3 thrashing horrors (Abyss:3)
  2 deep elf knights (Elf:1)
  An orc high priest (Elf:2)
  2 soul eaters (Hell)
  2 sun demons (Pan)
  7 skeletal warriors
  A death scarab (Zig:15)
  An iron troll (Depths:2)
  A sea snake (Shoals:4)
  11 deep trolls
  A gelid demonspawn (Zig:11)
  A shadow wraith (Vaults:2)
  3 wizards
  A golden dragon skeleton (Depths:2)
  A putrid demonspawn (Pan)
  A torturous demonspawn (Pan)
  3 necromancers
  A phantasmal warrior (Crypt:2)
  4 orb spiders
  A stone giant zombie (Coc:7)
  6 ugly things
  2 shining eyes
  2 griffons
  A manticore (Shoals:4)
  10 deep elf magi
  2 orc knights
  4 wolf spiders
  3 fauns
  A hornet (Spider:3)
  A stone giant skeleton (Coc:7)
  An iron dragon skeleton (Coc:7)
  2 elephants
  A siren (Shoals:1)
  A smoke demon (Abyss:2)
  A fire giant skeleton (Coc:7)
  3 vault sentinels
  A rust devil (Dis:7)
  A spiny frog (Lair:6)
  10 yaktaurs
  A demonic crawler (Spider:1)
  A centaur skeleton (D:13)
  A kobold demonologist (D:15)
  2 freezing wraiths
  2 ice devils (Coc:7)
  A tormentor (Dis:5)
  A red devil (Pan)
  A troll (Elf:2)
  A yaktaur skeleton (Vaults:4)
  3 jumping spiders
  3 merfolk
  A harpy zombie (Shoals:1)
  A boulder beetle (Vaults:5)
  4 raiju
  A two-headed ogre (Depths:1)
  14 slime creatures
  6 flying skulls
  14 redbacks
  2 tarantellas (Spider:1)
  A ynoxinul (Pan)
  A wraith (D:15)
  A hog (D:15)
  4 yaks
  A golden eye (Abyss:3)
  A golden eye (shapeshifter) (Zig:16)
  A hippogriff (Zig:7)
  A mottled dragon (D:15)
  2 wargs
  A spectral spiny frog (Crypt:3)
  An insubstantial wisp (Abyss:3)
  2 large abominations
  A spiny frog zombie (Crypt:2)
  A small abomination (Abyss:3)
  3 orc warriors
  A wasp (Depths:4)
  A boggart (D:15)
  3 eyes of draining (Zig:14)
  6 ogres
  A wolf (Lair:2)
  An earth elemental (Elf:2)
  A killer bee (Lair:6)
  A wight (Abyss:2)
  An electric eel (Spider:4)
  A crimson imp (Hell)
  2 jellies (Zig:14)
  An iron imp (Dis:7)
  3 orc wizards
  A lightning spire (Zot:4)
  2 mummies (Zig:15)
  5 orcs
  2 macabre masses (Abyss:3)
  A starspawn tentacle (Abyss:3)
351 creatures vanquished.

Vanquished Creatures (others)
  A draconian scorcher (Zig:13)
  A draconian zealot (Zig:13)
  A deep elf elementalist (Elf:3)
  A war gargoyle (Hell)
  An ironheart preserver (Vaults:2)
  An elemental wellspring (Coc:5)
  A very ugly thing (Vaults:5)
  A yellow draconian (Zig:13)
  A green death (Pan)
  A merfolk javelineer (Shoals:4)
  A merfolk aquamancer (Shoals:4)
  A satyr (Shoals:4)
  27 dancing weapons
  A hell hog (Hell)
  A soul eater (Hell)
  3 deep elf knights
  A deep elf archer (Vaults:2)
  A wolf spider (Vaults:2)
  A deep elf mage (Elf:2)
  2 rust devils (Dis:7)
  A yaktaur (Depths:3)
  A red devil (Hell)
  A wind drake (Shoals:4)
  3 yaks (IceCv)
  A soldier ant (D:14)
  5 wolves (IceCv)
  A wasp (Spider:4)
  2 boggarts
  3 iron imps
  A lightning spire (Zig:8)
  9 ball lightnings
  3 orcs
  A quokka (D:13)
  2 blocks of ice (Pan)
  A bush (D:6)
  23 eldritch tentacle segments (Coc:4)
  13 fungi
  3 lost souls
  A lurking horror (Abyss:3)
  9 plants
  12 starspawn tentacles
  81 starspawn tentacle segments
  6 tentacles
  34 tentacle segments (Coc:7)
266 creatures vanquished.

Grand Total: 4347 creatures vanquished

Notes
Turn   | Place    | Note
--------------------------------------------------------------
     0 | D:1      | Chiseanne the Demonspawn Wanderer began the quest for the Orb.
     0 | D:1      | Chiseanne set off with: a +2 hand crossbow, 23 bolts, a potion of lignification, a +0 ring mail, a +0 dagger, a bread ration
     0 | D:1      | Reached XP level 1. HP: 15/15 MP: 1/1
   303 | D:1      | Reached skill level 1 in Dodging
   304 | D:1      | Gained mutation: You sometimes gain a little power by taking damage. [demonic ancestry]
   304 | D:1      | Reached XP level 2. HP: 21/21 MP: 2/2
  1099 | D:2      | Reached XP level 3. HP: 25/27 MP: 3/3
  1127 | D:2      | Noticed Robin
  1179 | D:2      | Killed Robin
  1344 | D:2      | Found a sacrificial altar of Ru.
  1350 | D:2      | Reached XP level 4. HP: 32/34 MP: 4/4
  2050 | D:3      | Gained mutation: You have large cloven feet. [demonic ancestry]
  2050 | D:3      | Reached XP level 5. HP: 39/41 MP: 5/5
  2314 | D:3      | Noticed Chiseanne's ghost (weakling DsMo)
  2339 | D:3      | Killed Chiseanne's ghost
  2618 | D:3      | Reached XP level 6. HP: 48/48 MP: 6/6
  2694 | D:3      | Found a faded altar to an unknown god.
  3168 | D:4      | Found a glowing drain.
  3177 | Sewer    | Entered a sewer
  3325 | Sewer    | Noticed Purgy
  3342 | Sewer    | Killed Purgy
  3666 | D:4      | Noticed Crazy Yiuf
  3671 | D:4      | Killed Crazy Yiuf
  3783 | D:4      | Reached XP level 7. HP: 49/55 MP: 7/7
  4528 | D:4      | Reached skill level 5 in Fighting
  4876 | D:5      | Entered Level 5 of the Dungeon
  5207 | D:5      | Found a sparkling altar of Nemelex Xobeh.
  5307 | D:5      | Reached skill level 5 in Crossbows
  5307 | D:5      | Gained mutation: You have hoof-like feet. [demonic ancestry]
  5307 | D:5      | Reached XP level 8. HP: 58/63 MP: 8/8
  5778 | D:5      | Reached skill level 5 in Dodging
  5852 | D:6      | Noticed Grinder
  5873 | D:6      | Killed Grinder
  6007 | D:6      | Identified the Handbook of Displaced Transmutation
  6036 | D:6      | Learned a level 1 spell: Apportation
  6040 | D:6      | Learned a level 3 spell: Confuse
  6111 | D:6      | Reached skill level 1 in Spellcasting
  6141 | D:6      | Reached XP level 9. HP: 70/72 MP: 10/10
  6366 | D:6      | Reached skill level 5 in Armour
  6662 | D:6      | Noticed Menkaure
  6671 | D:6      | Killed Menkaure
  7010 | D:6      | Found a blossoming altar of Fedhas.
  7335 | D:7      | Found a sacrificial altar of Ru.
  7335 | D:7      | Found a basalt altar of Yredelemnul.
  7397 | D:7      | Noticed Dowan
  7398 | D:7      | Noticed Duvessa
  7513 | D:8      | Noticed inmateoo's ghost (novice FeTm)
  7559 | D:8      | Found a staircase to the Lair.
  7796 | D:8      | Got a jewelled mace
  7799 | D:8      | Identified the +2 mace of Waishiuw {flame, *Drain Str+3 SInv} (You found it on level 8 of the Dungeon)
  7861 | D:7      | Found an iron altar of Okawaru.
  7871 | D:7      | Killed Duvessa
  7875 | D:7      | Killed Dowan
  7983 | D:7      | Noticed Joseph
  8005 | D:7      | Killed Joseph
  8005 | D:7      | Gained mutation: You are partially covered in rugged brown scales (AC +1, +3% HP). [demonic ancestry]
  8005 | D:7      | Reached XP level 10. HP: 63/82 MP: 15/15
  8054 | D:7      | Found a staircase to the Ecumenical Temple.
  8066 | Temple   | Entered the Ecumenical Temple
  8073 | Temple   | Became a worshipper of Gozag Ym Sagoz the Greedy
  8591 | D:8      | Identified a scroll of acquirement
  8840 | D:7      | Bought a cursed ring of loudness for 67 gold pieces
  8840 | D:7      | Bought a cursed ring of teleportation for 67 gold pieces
  8851 | D:7      | Bought a jewelled scale mail for 198 gold pieces
  8861 | D:7      | Identified the +3 scale mail "Hasum" {Dex+3} (You bought it in a shop on level 7 of the Dungeon)
  8878 | D:7      | Bought a pair of runed boots for 99 gold pieces
  9065 | D:7      | Bought a glowing gold dragon armour for 1760 gold pieces
  9309 | D:8      | Gained mutation: You are robust (+10% HP). [potion of beneficial mutation]
 10331 | D:9      | Got an ancient ring mail
 10354 | D:9      | Identified the +2 ring mail "Pycuat" {Str+4} (You found it on level 9 of the Dungeon)
 10723 | D:9      | Found Ymibil's Gadget Shoppe.
 11383 | D:10     | Entered Level 10 of the Dungeon
 11456 | D:10     | Gained mutation: You are mostly covered in rugged brown scales (AC +2, +5% HP). [demonic ancestry]
 11456 | D:10     | Reached XP level 11. HP: 74/103 MP: 17/17
 11707 | D:10     | Found a portal to a secret trove of treasure.
 11763 | D:11     | Noticed Nergalle
 11792 | D:11     | Noticed a spectral orc warlord
 11839 | D:11     | Killed Nergalle
 11845 | D:11     | Noticed a hill giant
 11859 | D:11     | Killed a hill giant
 11859 | D:11     | Reached skill level 10 in Fighting
 11917 | D:11     | Noticed Psyche
 12153 | D:11     | Killed Psyche
 13228 | D:11     | Noticed Snorg
 13254 | D:11     | Killed Snorg
 13942 | D:11     | Found a staircase to the Orcish Mines.
 14627 | D:12     | Noticed a hill giant
 14637 | D:12     | Killed a hill giant
 14896 | D:12     | Noticed a four-headed hydra
 14914 | D:12     | Killed a four-headed hydra
 15019 | D:12     | Noticed a hill giant
 15048 | D:12     | Killed a hill giant
 15321 | D:12     | Bought a cursed amulet of inaccuracy for 32 gold pieces
 15827 | D:13     | Found Yzeas's Book Shoppe.
 15851 | D:13     | Reached skill level 10 in Dodging
 15902 | D:13     | Found Zynykh's Antique Armour Shop.
 15984 | D:13     | Found a white marble altar of Elyvilon.
 16000 | D:13     | Gained mutation: A weak demonic guardian rushes to your aid. [demonic ancestry]
 16000 | D:13     | Reached XP level 12. HP: 74/115 MP: 11/18
 16008 | D:13     | Found Tailie Naps's Armour Emporium.
 16012 | D:13     | Found a frozen archway.
 16031 | IceCv    | Entered an ice cave
 17134 | IceCv    | Noticed a frost giant
 17134 | IceCv    | Noticed a death yak
 17186 | IceCv    | Killed a frost giant
 17186 | IceCv    | Reached skill level 10 in Armour
 17251 | IceCv    | Killed a death yak
 17924 | D:13     | Noticed Josephine
 17932 | D:13     | Killed Josephine
 18127 | D:13     | Noticed a spark wasp
 18549 | D:12     | Bought the amulet of Muicextotry {Dismiss MR+ Slay+5} for 1017 gold pieces
 18690 | D:13     | Found Feamp's Magic Scroll Boutique.
 19088 | D:13     | Bought a scroll of acquirement for 728 gold pieces
 19088 | D:13     | Bought a scroll of identify for 28 gold pieces
 19088 | D:13     | Bought a scroll of enchant armour for 105 gold pieces
 19088 | D:13     | Bought 2 scrolls of teleportation for 84 gold pieces
 19088 | D:13     | Bought a scroll of fear for 49 gold pieces
 19137 | D:13     | Bought a scroll of brand weapon for 280 gold pieces
 19137 | D:13     | Bought a scroll of fear for 49 gold pieces
 19137 | D:13     | Bought a scroll of magic mapping for 49 gold pieces
 19137 | D:13     | Bought a scroll of magic mapping for 49 gold pieces
 19137 | D:13     | Bought a scroll of magic mapping for 49 gold pieces
 19169 | D:13     | Bought a brightly glowing rapier for 306 gold pieces
 19170 | D:13     | Identified the +7 rapier "Arcanum" {pierce, rN+ MP+9 Int+3} (You bought it in a shop on level 13 of the Dungeon)
 19288 | D:13     | Noticed a centaur warrior
 19666 | D:13     | Reached XP level 13. HP: 83/125 MP: 19/19
 21332 | D:13     | Found a gate to the Vaults.
 21345 | D:13     | Found Zeten's Magic Scroll Boutique.
 21351 | D:13     | Bought 2 scrolls of fog for 52 gold pieces
 21351 | D:13     | Bought a scroll of silence for 97 gold pieces
 21351 | D:13     | Bought a scroll of identify for 26 gold pieces
 21351 | D:13     | Bought a scroll of identify for 26 gold pieces
 21351 | D:13     | Bought a scroll of identify for 26 gold pieces
 21351 | D:13     | Bought a scroll of identify for 26 gold pieces
 21351 | D:13     | Bought a scroll of teleportation for 39 gold pieces
 21430 | D:13     | Noticed Maud
 21466 | D:13     | Killed Maud
 22126 | D:12     | Bought the +5 broad axe "Murmur" {flame, Str+3 Dex+3} for 569 gold pieces
 22806 | D:14     | Reached skill level 1 in Axes
 22973 | D:14     | Noticed namelastname112's ghost (journeyman DrWr)
 23552 | D:14     | Killed namelastname112's ghost
 23933 | D:15     | Entered Level 15 of the Dungeon
 23939 | D:15     | Noticed Kirke
 24247 | D:14     | Gained mutation: You are completely covered in rugged brown scales (AC +3, +7% HP). [demonic ancestry]
 24247 | D:14     | Reached XP level 14. HP: 127/138 MP: 20/20
 24520 | D:15     | Killed Kirke
 25656 | D:15     | Noticed Roxanne
 25708 | D:15     | Found a staircase to the Depths.
 26132 | D:14     | Reached skill level 5 in Axes
 26528 | Lair:1   | Entered Level 1 of the Lair of Beasts
 27510 | Lair:2   | Bought the +0 cloak of Protective Custody {rPois} for 235 gold pieces
 28342 | Lair:3   | Found a dark tunnel.
 28350 | Volcano  | Entered a volcano
 28391 | Volcano  | Found a bloodstained altar of Trog.
 28658 | Lair:2   | Bought the +2 pair of fencer's gloves {LBl+4 SBl+4 EV+3 Dex+6} for 700 gold pieces
 28698 | Lair:3   | Found a hole to the Spider Nest.
 29437 | Lair:4   | Noticed Urug
 29449 | Lair:4   | Killed Urug
 29449 | Lair:4   | Reached skill level 1 in Shields
 30306 | Lair:5   | Gained mutation: You sometimes gain power by taking damage. [demonic ancestry]
 30306 | Lair:5   | Reached XP level 15. HP: 145/145 MP: 21/21
 30610 | Lair:5   | Found a staircase to the Shoals.
 30612 | Lair:5   | Noticed Nessos
 30789 | Lair:5   | Killed Nessos
 31122 | Lair:6   | Found a labyrinth entrance.
 31141 | Lab      | Entered a labyrinth
 31546 | Lab      | Identified the Papyrus of Execration
 31754 | Lair:6   | Found a shimmering altar of Xom.
 32709 | Lair:8   | Entered Level 8 of the Lair of Beasts
 32857 | Lair:8   | Found a staircase to the Slime Pits.
 33181 | Lair:8   | Found a burning altar of Makhleb.
 33278 | Lair:8   | Found a gateway to Hell.
 33311 | Lair:8   | Identified a +5 rod of inaccuracy (10/10) (You found it on level 8 of the Lair of Beasts)
 33538 | Lair:8   | Reached skill level 5 in Shields
 34513 | Orc:1    | Entered Level 1 of the Orcish Mines
 34622 | Orc:1    | Found a roughly hewn altar of Beogh.
 34637 | Orc:1    | Found a deep blue altar of Sif Muna.
 34790 | Orc:1    | Identified Sif Muna's Disquisition on Attacks
 35120 | Orc:2    | Entered Level 2 of the Orcish Mines
 35120 | Orc:2    | Found a staircase to the Elven Halls.
 35121 | Orc:2    | Found Wisypocre's Antique Armour Emporium.
 35151 | Orc:2    | Found Ruzusar's Assorted Antiques.
 35338 | Orc:2    | Gained mutation: A demonic guardian rushes to your aid. [demonic ancestry]
 35338 | Orc:2    | Reached XP level 16. HP: 79/153 MP: 22/22
 35344 | Orc:2    | Found Toth's Gadget Emporium.
 35533 | Orc:2    | Found Koukka's General Store.
 35567 | Orc:2    | Found Meklyodd's Antique Weapon Emporium.
 35586 | Orc:2    | Bought a scroll of enchant armour for 262 gold pieces
 35586 | Orc:2    | Bought a heavily runed glass ring for 175 gold pieces
 35586 | Orc:2    | Bought a scroll of identify for 70 gold pieces
 35586 | Orc:2    | Bought a scroll of fog for 70 gold pieces
 35587 | Orc:2    | Identified the ring "Gisokh" {Fire Dex+3 Stlth+} (You bought it in a shop on level 2 of the Orcish Mines)
 35635 | Orc:2    | Found Nexi's Book Shop.
 35848 | Orc:2    | Bought a potion of curing for 39 gold pieces
 35848 | Orc:2    | Bought a potion of heal wounds for 65 gold pieces
 35848 | Orc:2    | Bought a beef jerky for 19 gold pieces
 36048 | Orc:2    | Found Ashuuzed's Antique Armour Shop.
 36393 | D:15     | Bought the -2 hat of the Alchemist {rElec rPois rF+ rC+ rN+ MR+ rMut rCorr} for 1368 gold pieces
 36595 | Elf:1    | Entered Level 1 of the Elven Halls
 36704 | Elf:1    | Noticed Nikola
 36715 | Elf:1    | Killed Nikola
 37695 | Elf:1    | Reached skill level 15 in Dodging
 37782 | Elf:1    | Reached skill level 10 in Axes
 38798 | Elf:2    | Noticed Jorgrun
 38829 | Elf:2    | Killed Jorgrun
 38850 | Elf:2    | Reached XP level 17. HP: 145/160 MP: 23/23
 38989 | Elf:2    | Found a shimmering altar of Xom.
 39308 | Elf:2    | Found a runed gate.
 39317 | Elf:2    | Found a runed gate.
 39319 | Elf:2    | Found a runed gate.
 39375 | Elf:3    | Entered Level 3 of the Elven Halls
 39435 | Elf:3    | Noticed a deep elf blademaster
 39445 | Elf:3    | Reached skill level 15 in Armour
 39459 | Elf:3    | Killed a deep elf blademaster
 39853 | Elf:3    | Found Ozas's Distillery.
 39890 | Elf:3    | Bought a potion of agility for 56 gold pieces
 39890 | Elf:3    | Bought a potion of might for 56 gold pieces
 39890 | Elf:3    | Bought a potion of agility for 56 gold pieces
 39890 | Elf:3    | Bought a potion of heal wounds for 70 gold pieces
 39890 | Elf:3    | Bought a potion of curing for 42 gold pieces
 39890 | Elf:3    | Bought a potion of haste for 140 gold pieces
 39901 | Elf:3    | Noticed a deep elf master archer
 39921 | Elf:3    | Killed a deep elf master archer
 40460 | Elf:3    | Got a slimy robe
 40461 | Elf:3    | Identified the +2 robe of Amelioration {rF+} (You took it off a deep elf demonologist on level 3 of the Elven Halls)
 40468 | Elf:3    | Noticed a deep elf blademaster
 40495 | Elf:3    | Killed a deep elf blademaster
 40933 | Elf:3    | Got a fine leather armour
 40934 | Elf:3    | Identified the +3 leather armour of Qolyceu {Int+4} (You took it off a deep elf death mage on level 3 of the Elven Halls)
 41048 | Elf:3    | Identified Spellweaving Continued (You found it on level 3 of the Elven Halls)
 41072 | Elf:3    | Identified the Papyrus of the Mutagenic Volcanoes
 41124 | Elf:3    | Identified Aloox's Tome of Envenoming and Confrontation
 41446 | Elf:3    | Bought a potion of cure mutation for 350 gold pieces
 41446 | Elf:3    | Bought a potion of beneficial mutation for 490 gold pieces
 41452 | Elf:3    | Gained mutation: You have hooves in place of feet. [potion of beneficial mutation]
 41817 | Orc:2    | Lost mutation: You are robust (+10% HP). [potion of cure mutation]
 41817 | Orc:2    | Lost mutation: You have hooves in place of feet. [potion of cure mutation]
 42032 | D:15     | Bought a transparent plate armour for 812 gold pieces
 42032 | D:15     | Bought a bloodstained chain mail for 275 gold pieces
 42033 | D:15     | Identified the +10 plate armour of Too Many Cooks {Int+3} (You bought it in a shop on level 15 of the Dungeon)
 42034 | D:15     | Identified the +2 chain mail "Oducafef" {*Drain rN++ Regen+ rCorr} (You bought it in a shop on level 15 of the Dungeon)
 42293 | Spider:1 | Entered Level 1 of the Spider Nest
 42419 | Spider:1 | Gained mutation: You have hooves in place of feet. [demonic ancestry]
 42419 | Spider:1 | Reached XP level 18. HP: 131/154 MP: 24/24
 43221 | Spider:1 | Reached skill level 10 in Shields
 44243 | Spider:4 | Entered Level 4 of the Spider Nest
 44243 | Spider:4 | Noticed feelmyfire's ghost (adept MiFi)
 44262 | Spider:4 | Killed feelmyfire's ghost
 45339 | Spider:4 | Noticed Arachne
 45353 | Spider:4 | Killed Arachne
 45577 | Spider:4 | Got a gossamer rune of Zot
 45975 | Shoals:1 | Entered Level 1 of the Shoals
 46261 | Shoals:2 | Noticed Polyphemus
 46361 | Shoals:2 | Killed Polyphemus
 46651 | Shoals:2 | Gained mutation: You are powered by pain. [demonic ancestry]
 46651 | Shoals:2 | Reached XP level 19. HP: 129/160 MP: 25/25
 46960 | Shoals:4 | Entered Level 4 of the Shoals
 46960 | Shoals:4 | Noticed Ilsuiw
 47004 | Shoals:4 | Killed Ilsuiw
 47050 | Shoals:4 | Got a barnacled rune of Zot
 47563 | Vaults:1 | Entered Level 1 of the Vaults
 47601 | Vaults:1 | Found Weophahi's Armour Boutique.
 47893 | Orc:2    | Bought the +8 lance "Wyrmbane" {slay drac, +Rage rPois rF+ AC+5} for 2399 gold pieces
 48288 | Vaults:1 | Found Gozag's Antique Armour Boutique.
 48311 | Vaults:1 | Found an opulent altar of Gozag.
 48311 | Vaults:1 | Found Gozag's Assorted Antiques.
 48319 | Vaults:1 | Found Gozag's Antique Armour Shop.
 48333 | Vaults:1 | Noticed a lich
 48341 | Vaults:1 | Killed a lich
 48371 | Vaults:1 | Noticed Asterion
 48385 | Vaults:1 | Killed Asterion
 50053 | Vaults:2 | Gained mutation: Your flesh is cold resistant. [demonic ancestry]
 50053 | Vaults:2 | Reached XP level 20. HP: 69/167 MP: 26/26
 50515 | Vaults:2 | Noticed Norris
 50522 | Vaults:2 | Killed Norris
 50680 | Vaults:2 | Noticed Mara
 50689 | Vaults:2 | Noticed Chiseanne's illusion
 50767 | Vaults:2 | Found a staircase to the Crypt.
 51040 | Vaults:2 | Found Miph's Weapon Shoppe.
 51253 | Vaults:2 | Noticed Chiseanne's illusion
 51705 | Vaults:2 | Noticed Chiseanne's illusion
 51710 | Vaults:2 | Killed Mara
 53887 | Vaults:3 | Found Uneong's Antique Weapon Boutique.
 54524 | Vaults:3 | Reached XP level 21. HP: 161/174 MP: 27/27
 55011 | Vaults:4 | Reached skill level 15 in Axes
 56378 | Depths:1 | Entered Level 1 of the Depths
 56920 | Depths:1 | Found Poluh's Demolitions Depot.
 58396 | Depths:2 | Gained mutation: You are immune to freezing clouds. [demonic ancestry]
 58396 | Depths:2 | Reached XP level 22. HP: 180/181 MP: 28/28
 58442 | Depths:2 | You fall through a shaft!
 58558 | Depths:2 | Found Hyroaz's Gadget Boutique.
 59184 | Depths:2 | Got a wavering granite ring
 59256 | Depths:2 | Identified the ring of the Devil's Advocate {rPois rC++ Stlth-} (You found it on level 2 of the Depths)
 59315 | Depths:2 | Got an ancient double sword
 59317 | Depths:2 | Identified the +4 double sword of Buaxud {vamp, Dex+4} (You found it on level 2 of the Depths)
 59320 | Depths:2 | Got a crude ring mail
 59321 | Depths:2 | Identified the +3 ring mail of Udathyoq {Str+3} (You found it on level 2 of the Depths)
 59648 | Depths:3 | Found a gateway to a ziggurat.
 59751 | Depths:3 | Found a one-way gate leading to the halls of Pandemonium.
 59823 | Depths:3 | Found a one-way gate to the infinite horrors of the Abyss.
 59897 | Depths:3 | Reached skill level 15 in Shields
 59910 | Depths:3 | Noticed a juggernaut
 60501 | Depths:3 | Got a jewelled leather armour
 60502 | Depths:3 | Identified the +2 leather armour of Qipego {SInv} (You found it on level 3 of the Depths)
 60637 | Depths:3 | Noticed a juggernaut
 60649 | Depths:3 | Killed a juggernaut
 61425 | Depths:4 | Gained mutation: A frigid envelope surrounds you and freezes all who hurt you. [demonic ancestry]
 61425 | Depths:4 | Reached XP level 23. HP: 91/188 MP: 29/29
 62025 | Depths:4 | Found a runed door.
 62402 | Depths:4 | Noticed a caustic shrike
 62402 | Depths:4 | Found a runed door.
 62409 | Depths:4 | Killed a caustic shrike
 62496 | Depths:4 | Noticed a caustic shrike
 62496 | Depths:4 | Noticed a caustic shrike
 62848 | Depths:4 | Killed a caustic shrike
 63055 | Depths:4 | Killed a caustic shrike
 63569 | Depths:4 | Identified the Handbook of Scorching Summoning
 63620 | Depths:5 | Entered Level 5 of the Depths
 63636 | Depths:5 | Noticed Sojobo
 63644 | Depths:5 | Killed Sojobo
 63951 | Depths:5 | Noticed a caustic shrike
 63953 | Depths:5 | Noticed a caustic shrike
 63953 | Depths:5 | Noticed a caustic shrike
 63954 | Depths:5 | Noticed a caustic shrike
 63966 | Depths:5 | Killed a caustic shrike
 63968 | Depths:5 | Killed a caustic shrike
 63976 | Depths:5 | Killed a caustic shrike
 64210 | Depths:5 | Killed a caustic shrike
 64403 | Depths:5 | Identified the Handbook of Glacial Fire (You found it on level 5 of the Depths)
 64588 | Depths:5 | Found a gate to the Realm of Zot.
 64686 | Depths:5 | Found a glowing golden altar of the Shining One.
 64731 | Depths:5 | Gained mutation: A powerful demonic guardian rushes to your aid. [demonic ancestry]
 64731 | Depths:5 | Reached XP level 24. HP: 153/194 MP: 29/29
 65511 | D:7      | Bought the ring "Naiw" {+Fly MP+9 SInv} for 499 gold pieces
 65752 | D:15     | Bought a runed cloak for 184 gold pieces
 65779 | D:15     | Bought a transparent ring mail for 369 gold pieces
 65780 | D:15     | Identified the +1 ring mail of the Pleiades {rElec rCorr Int+3} (You bought it in a shop on level 15 of the Dungeon)
 65921 | Crypt:1  | Entered Level 1 of the Crypt
 66987 | Crypt:1  | Found a basalt altar of Yredelemnul.
 67304 | Crypt:2  | Noticed Frederick
 67316 | Crypt:2  | Killed Frederick
 67321 | Crypt:2  | Noticed Saint Roka
 67333 | Crypt:2  | Killed Saint Roka
 67384 | Crypt:2  | Killed the ghostly Saint Roka
 68120 | Crypt:3  | Entered Level 3 of the Crypt
 68454 | Crypt:3  | Found an ancient bone altar of Kikubaaqudgha.
 68679 | Crypt:3  | Reached skill level 15 in Fighting
 68899 | Crypt:3  | Identified a +4 rod of ignition (10/10) (You found it on level 3 of the Crypt)
 68934 | Crypt:3  | Found a staircase to the Tomb.
 68935 | Crypt:3  | Noticed Jory
 68947 | Crypt:3  | Killed Jory
 68947 | Crypt:3  | Reached XP level 25. HP: 201/208 MP: 29/29
 68949 | Crypt:3  | Got a coiled bone ring
 68956 | Crypt:3  | Got a heavily runed granite ring
 69003 | Crypt:3  | Identified the ring of Ycwe Wigh {rF- rN+ Int+7 Stlth-} (You took it off Jory on level 3 of the Crypt)
 69004 | Crypt:3  | Identified the ring of the King {rN+ Str+4 Dex-3 Slay+5} (You took it off a vampire knight on level 3 of the Crypt)
 69137 | Crypt:3  | Got a scorched lapis lazuli ring
 69146 | Crypt:3  | Identified the ring "Ismuats" {*Tele rPois Int+4 Dex+4} (You found it on level 3 of the Crypt)
 70045 | Vaults:5 | Entered Level 5 of the Vaults
 70237 | Vaults:5 | Noticed an ancient lich
 70284 | Vaults:5 | Noticed Xtahua
 70293 | Vaults:5 | Killed Xtahua
 70802 | Vaults:5 | Identified a +6 rod of inaccuracy (8/13) (You took it off a vault warden on level 5 of the Vaults)
 70807 | Vaults:5 | Got an encrusted war axe
 70808 | Vaults:5 | Identified the +9 war axe "Eviscerator" {chop, rC+ rN+ MR++ Int-5} (You found it on level 5 of the Vaults)
 70862 | Vaults:5 | Killed an ancient lich
 70882 | Vaults:5 | Reached XP level 26. HP: 125/225 MP: 29/29
 70891 | Vaults:5 | Paralysed by the power of Zot for 3 turns
 71726 | Vaults:5 | Got a steaming platinum amulet
 72032 | Vaults:5 | Identified the amulet "Jiot" {+Rage rC++ Int+9} (You took it off a salamander stormcaller on level 5 of the Vaults)
 72092 | Vaults:5 | Noticed Boris
 72103 | Vaults:5 | Killed Boris
 72183 | Vaults:5 | Got a silver rune of Zot
 72394 | Vaults:5 | Got a pitted leather armour
 72395 | Vaults:5 | Identified the +3 leather armour of the Many Tales {rPois rC++ rCorr Int+4} (You took it off a salamander stormcaller on level 5 of the Vaults)
 72740 | D:15     | Bought a sapphire-encrusted storm dragon armour for 3485 gold pieces
 72740 | D:15     | Identified the +9 storm dragon armour of Etow Afosch {rElec Int+5} (You bought it in a shop on level 15 of the Dungeon)
 72756 | D:15     | Bought a colourful robe for 233 gold pieces
 72756 | D:15     | Bought a faintly humming leather armour for 287 gold pieces
 72757 | D:15     | Identified the +2 robe "Huhit" {SInv} (You bought it in a shop on level 15 of the Dungeon)
 72758 | D:15     | Identified the +3 leather armour "Pomm" {*Drain Int+7 Dex+4} (You bought it in a shop on level 15 of the Dungeon)
 72775 | D:15     | Bought a heavily runed plate armour for 812 gold pieces
 72775 | D:15     | Bought a polished plate armour for 812 gold pieces
 72776 | D:15     | Identified the +3 plate armour of the Swamp {rC+ Str+5} (You bought it in a shop on level 15 of the Dungeon)
 72777 | D:15     | Identified the cursed +0 plate armour of Zebbev {rC- rN+++ rCorr Dex+7} (You bought it in a shop on level 15 of the Dungeon)
 72875 | Zig:1    | Entered Level 1 of a ziggurat
 72902 | Zig:2    | Entered Level 2 of a ziggurat
 72939 | Zig:3    | Entered Level 3 of a ziggurat
 72971 | Zig:3    | Got a dazzling leather armour
 72972 | Zig:3    | Identified the cursed +0 leather armour "Jyob" {rN+ MR- Dex+2} (You found it on level 3 of a ziggurat)
 72977 | Zig:4    | Entered Level 4 of a ziggurat
 73002 | Zig:4    | Got a flickering brass ring
 73007 | Zig:4    | Identified the ring of Syria {rF+ rC- Str+3 Int+2} (You found it on level 4 of a ziggurat)
 73011 | Zig:5    | Entered Level 5 of a ziggurat
 73027 | Zig:5    | Reached skill level 1 in Evocations
 73060 | Zig:5    | Got a flickering sapphire amulet
 73065 | Zig:5    | Identified the Handbook of Creative Arcane Weapons
 73068 | Zig:5    | Identified the amulet of Life {Spirit rPois} (You found it on level 5 of a ziggurat)
 73072 | Zig:6    | Entered Level 6 of a ziggurat
 73114 | Zig:6    | Reached skill level 5 in Spellcasting
 73166 | Zig:7    | Entered Level 7 of a ziggurat
 73230 | Zig:7    | Got a slimy ring mail
 73240 | Zig:7    | Identified the cursed +0 ring mail of Ru's Approval {Str+2} (You found it on level 7 of a ziggurat)
 73249 | Zig:8    | Entered Level 8 of a ziggurat
 73400 | Zig:8    | Gained mutation: You passively map a small area around you. [potion of beneficial mutation]
 73403 | Zig:8    | Identified An Early Guide to Witchery
 73405 | Zig:8    | Identified the Guide on Lucky Sinister Magic
 73408 | Zig:8    | Identified the Grimoire of Assistive Unholy Secrets
 73423 | Zig:9    | Entered Level 9 of a ziggurat
 73443 | Zig:9    | Reached skill level 5 in Evocations
 73521 | Zig:9    | Identified the Volume of Venom and Transmutation (You found it on level 9 of a ziggurat)
 73530 | Zig:10   | Entered Level 10 of a ziggurat
 73609 | Zig:10   | Reached skill level 5 in Hexes
 73609 | Zig:10   | Reached XP level 27. HP: 211/239 MP: 33/33
 73626 | Zig:10   | Learned a level 4 spell: Passage of Golubria
 73640 | Zig:10   | Identified Beper's Grimoire of Gliding Necromancy
 73644 | Zig:10   | Learned a level 2 spell: Swiftness
 73647 | Zig:10   | Learned a level 2 spell: Repel Missiles
 73656 | Zig:11   | Entered Level 11 of a ziggurat
 73674 | Zig:11   | Noticed Azemyic the pandemonium lord
 73724 | Zig:11   | Killed Azemyic the pandemonium lord
 73769 | Zig:11   | Got a warped quicksilver dragon armour
 73770 | Zig:11   | Identified the quicksilver dragon armour "Tidify" {MR+ Int+6 Dex+2 SInv} (You found it on level 11 of a ziggurat)
 74004 | Zig:12   | Entered Level 12 of a ziggurat
 74113 | Zig:13   | Entered Level 13 of a ziggurat
 74157 | Zig:13   | Reached skill level 10 in Spellcasting
 74262 | Zig:13   | Got a translucent wooden ring
 74265 | Zig:13   | Identified the ring of Lady Luck {*Tele rElec Int+2} (You found it on level 13 of a ziggurat)
 74269 | Zig:13   | Identified Lehudib's Volume of Battle Magic
 74272 | Zig:14   | Entered Level 14 of a ziggurat
 74681 | Zig:14   | Got a transparent silver ring
 74700 | Zig:14   | Identified the ring "Quczof" {Fire rElec Dex+4} (You found it on level 14 of a ziggurat)
 74705 | Zig:14   | Identified Spellweaving in Simple Steps (You found it on level 14 of a ziggurat)
 74710 | Zig:14   | Learned a level 3 spell: Tukima's Dance
 74718 | Zig:15   | Entered Level 15 of a ziggurat
 74768 | Zig:15   | Noticed a greater mummy
 74785 | Zig:15   | Noticed a greater mummy
 74785 | Zig:15   | Killed a greater mummy
 74796 | Zig:15   | Noticed a greater mummy
 74818 | Zig:15   | Killed a greater mummy
 74950 | Zig:15   | Killed a greater mummy
 75413 | Zig:15   | Identified a +9 rod of shadows (9/9) (You found it on level 15 of a ziggurat)
 75419 | Zig:15   | Identified a +5 rod of inaccuracy (9/9) (You found it on level 15 of a ziggurat)
 75423 | Zig:15   | Identified a +3 rod of shadows (13/13) (You found it on level 15 of a ziggurat)
 75445 | Zig:16   | Entered Level 16 of a ziggurat
 75460 | Zig:16   | Noticed an ancient lich
 75492 | Zig:16   | Killed an ancient lich
 75520 | Zig:16   | Reached skill level 10 in Hexes
 75654 | Zig:16   | Got a polished broad axe
 75655 | Zig:16   | Identified the +7 broad axe "Kinlehuo" {flame, *Confuse Str+5} (You found it on level 16 of a ziggurat)
 75687 | Zig:16   | Identified the Compendium of the Ashen Blaze
 75712 | Zig:16   | Got an ichor-stained ring mail
 75723 | Zig:16   | Identified the cursed +1 ring mail "Qapilaso" {rElec rPois rN+} (You found it on level 16 of a ziggurat)
 75734 | Zig:17   | Entered Level 17 of a ziggurat
 75754 | Zig:17   | Noticed Miunoc the pandemonium lord
 75765 | Zig:17   | Noticed Xoxaur the pandemonium lord
 75769 | Zig:17   | Noticed Saseogg the pandemonium lord
 75784 | Zig:17   | Noticed Caipsoh the pandemonium lord
 75785 | Zig:17   | Noticed Forogel the pandemonium lord
 75807 | Depths:3 | HP: 8/239 [Caipsoh the pandemonium lord (44)]
 75914 | Depths:3 | HP: 11/239 [spriggan air mage/the air (18)]
 76468 | D:15     | Learned a level 2 spell: Shroud of Golubria
 76472 | D:15     | Learned a level 3 spell: Spectral Weapon
 76477 | D:15     | Learned a level 4 spell: Cause Fear
 76481 | D:15     | Learned a level 3 spell: Dazzling Spray
 76485 | D:15     | Learned a level 3 spell: Inner Flame
 76553 | D:15     | Learned a level 3 spell: Summon Guardian Golem
 76557 | D:15     | Learned a level 3 spell: Regeneration
 76560 | D:15     | Learned a level 2 spell: Cure Poison
 76567 | D:15     | Learned a level 6 spell: Invisibility
 76571 | D:15     | Learned a level 3 spell: Vampiric Draining
 76832 | Depths:5 | Reached skill level 5 in Translocations
 76845 | Zot:1    | Entered Level 1 of the Realm of Zot
 77411 | Zot:3    | Noticed an orb of fire
 77423 | Zot:3    | Killed an orb of fire
 77797 | Zot:4    | Reached skill level 10 in Translocations
 78513 | Depths:5 | Voluntarily entered the Abyss.
 79105 | Abyss:2  | Paralysed by accursed screaming for 1 turns
 79113 | Abyss:2  | Paralysed by accursed screaming for 1 turns
 79512 | Abyss:3  | Found a runed door.
 79512 | Abyss:3  | Found a corrupted altar of Lugonu.
 79528 | Abyss:3  | Reached skill level 5 in Charms
 79532 | Abyss:3  | Found a runed door.
 79532 | Abyss:3  | Found a runed door.
 79537 | Abyss:3  | Got an abyssal rune of Zot
 79554 | Abyss:3  | Found a runed door.
 79590 | Abyss:3  | Found a runed door.
 79595 | Abyss:3  | Found a corrupted altar of Lugonu.
 80002 | Abyss:3  | Gained mutation: You are frail (-10% HP). [a neqoxec]
 80039 | Abyss:3  | Paralysed by accursed screaming for 1 turns
 80043 | Abyss:3  | Paralysed by accursed screaming for 2 turns
 80616 | Depths:5 | Escaped the Abyss
 80774 | D:15     | Lost mutation: You are frail (-10% HP). [potion of cure mutation]
 80774 | D:15     | Lost mutation: You passively map a small area around you. [potion of cure mutation]
 80806 | Hell     | Entered the Vestibule of Hell
 80806 | Hell     | Noticed Geryon
 80840 | Hell     | Reached skill level 10 in Charms
 80844 | Hell     | Killed Geryon
 80846 | Hell     | HP: 6/239 [blizzard demon/the air (19)]
 81352 | D:15     | Bought a smoking scale mail for 306 gold pieces
 81355 | D:15     | Bought a fine robe for 165 gold pieces
 81362 | D:15     | Identified the cursed +0 scale mail of the Enchanted Forest {rPois rCorr Dex+3 Slay+5} (You bought it in a shop on level 15 of the Dungeon)
 81363 | D:15     | Identified the +1 robe "Ralacok" {rPois rC+ MP+9 Dex+2} (You bought it in a shop on level 15 of the Dungeon)
 82339 | Hell     | Found a gateway to the freezing wastes of Cocytus.
 82460 | Coc:1    | Entered Level 1 of Cocytus
 83035 | Coc:2    | Reached skill level 1 in Air Magic
 83464 | Coc:3    | Gained mutation: You passively map a small area around you. [mutagenic glow]
 84169 | Coc:7    | Entered Level 7 of Cocytus
 84625 | Coc:7    | Reached skill level 15 in Hexes
 84659 | Coc:7    | Reached skill level 1 in Fire Magic
 84870 | Coc:7    | Reached skill level 5 in Fire Magic
 85149 | Coc:7    | Reached skill level 1 in Necromancy
 85354 | Coc:7    | Noticed Antaeus
 85385 | Coc:7    | Reached skill level 5 in Necromancy
 85419 | Coc:7    | Got an icy rune of Zot
 85434 | Coc:7    | Got a heavily runed plate armour
 85435 | Coc:7    | Identified the +10 plate armour "Qilimuwn" {rPois rF+ rC- Int+7} (You found it on level 7 of Cocytus)
 85519 | Coc:7    | Killed Antaeus
 85797 | Hell     | Found a gateway to the Iron City of Dis.
 85802 | Dis:1    | Entered Level 1 of the Iron City of Dis
 86263 | Dis:3    | Gained mutation: You occasionally shout uncontrollably at your foes. [mutagenic glow]
 86348 | Hell     | Gained mutation: You regenerate slowly when monsters are visible. [mutagenic glow]
 86444 | D:15     | Got a smoking shield
 86445 | D:15     | Identified the +3 shield "Trusted Companion" {*Contam rElec MR- rCorr} (You acquired it on level 15 of the Dungeon)
 86466 | D:15     | Lost mutation: You regenerate slowly when monsters are visible. [potion of cure mutation]
 86466 | D:15     | Lost mutation: You passively map a small area around you. [potion of cure mutation]
 86466 | D:15     | Lost mutation: You occasionally shout uncontrollably at your foes. [potion of cure mutation]
 86591 | Vaults:1 | Bought a dazzling plate armour for 2800 gold pieces
 86602 | Vaults:1 | Identified the +1 plate armour of the Special Demons {rF++} (You bought it in a shop on level 1 of the Vaults)
 88215 | Dis:7    | Entered Level 7 of the Iron City of Dis
 88215 | Dis:7    | Noticed MDvedh's ghost (legendary MiBe)
 88294 | Dis:7    | Killed MDvedh's ghost
 88372 | Dis:7    | Reached skill level 10 in Necromancy
 88890 | Dis:7    | HP: 9/241 [iron giant's throw[the effects of Hell] (76)]
 89872 | D:8      | Killed inmateoo's ghost
 90050 | Slime:1  | Entered Level 1 of the Pits of Slime
 90287 | Slime:6  | Entered Level 6 of the Pits of Slime
 90366 | Slime:6  | Noticed the Royal Jelly
 90373 | Slime:6  | Found a viscous altar of Jiyva.
 90787 | Slime:6  | Killed the Royal Jelly
 91231 | Slime:6  | Identified Cischeza's Tome of the Dislocated Entourage
 91233 | Slime:6  | Got a slimy rune of Zot
 91275 | Slime:6  | Identified Sif Muna's Disquisition on the Earthen Volcanoes (You found it on level 6 of the Pits of Slime)
 91317 | Slime:6  | Identified the Volume of the Excruciating Entourage
 91823 | D:15     | Upgraded the game from 0.18-a0-1692-g516f9e9 to 0.18-a0-1702-gd20c6a5
 91885 | Pan      | Entered Pandemonium
 92376 | Pan      | Found an exit through the horrors of the Abyss.
 92511 | Pan      | Found an exit through the horrors of the Abyss.
 92661 | Pan      | Noticed Qastrash the pandemonium lord
 92701 | Pan      | Killed Qastrash the pandemonium lord
 92873 | Pan      | Entered the realm of Lom Lobon.
 92873 | Pan      | Found an exit through the horrors of the Abyss.
 93343 | Pan      | Noticed Lom Lobon
 93367 | Pan      | Got a magical rune of Zot
 93489 | Pan      | Drowned

Vault maps used:
D:1:      ncdulo_lavacross
D:2:      nicolae_ru_great_annihilating_truth, uniq_robin
D:3:      ecumenical_altar_2, first_bread, st_stairs_6
D:4:      portal_sewer_entry_b, minivault_5, uniq_crazy_yiuf_cottage
D:5:      nemelex_altar_shiori
D:6:      kennysheep_spiral_hall, fedhas_altar_decomposition, uniq_grinder,
          uniq_menkaure
D:7:      gammafunk_temple_overflow_statue, minmay_temple_entry_glass,
          kennysheep_nondescript, okawaru_gym_becter, uniq_joseph, uniq_duvessa
D:8:      lair_0_dummy, grunt_pizzeria
D:9:      nicolae_whirlpool, serial_shops, kennysheep_mini, grunt_ministairs_1,
          st_stairs_12
D:10:     enter_trove_3
D:11:     erik_orc_2, uniq_psyche, uniq_snorg, uniq_nergalle
D:13:     hangedman_vaults_entry_quadrant_bands,
          portal_ice_cave_entry_pillars_02, serial_shops, shop, shop, shop,
          nicolae_shop_stone, nicolae_shop_crystal, elyvilon_altar_4, uniq_maud,
          uniq_josephine
D:14:     minmay_misc_feat_tiny
D:15:     grunt_enter_depths_magical_seal, nicolae_sextant, uniq_roxanne,
          uniq_kirke
Temple:   nicolae_temple_no_exploring_needed
Lair:1:   minmay_lair_venomous_thicket, bh_autumn_forest_stairs
Lair:3:   spider_nest_entry_a, nicolae_volcano_entry_hallway,
          serial_bayou_shore_b
Lair:4:   uniq_urug
Lair:5:   minmay_shoals_entry_beasts, grunt_megastairs_2, uniq_nessos
Lair:6:   lab_entry_generic, basic_altar, beast_lair_carwin_2, lemuel_fruit_tree
Lair:8:   evil_forest, slime_dummy
Shoals:1: nicolae_shoals_undead_eyrie
Shoals:2: uniq_polyphemus
Shoals:3: serial_shops, shop, nicolae_shoals_loop_pool
Shoals:4: shoals_end_grunt_garden, shoals_ilsuiw_ice, serial_shops,
          nicolae_shop_statue_plus, nicolae_shoals_siren_and_animal_friends
Spider:1: spider_trap, einodemon_crawler_minivault
Spider:2: nicolae_spider_cling_halls
Spider:3: nicolae_spider_mines_3
Spider:4: guppyfry_spider_rune, hangedman_spider_tarantella_strand, uniq_arachne
Slime:2:  cheibrodos_slime_lost_civilization_7
Slime:4:  nicolae_slime_barrier
Orc:1:    basic_altar, statue_in_the_mist_lemuel, led_sif_book
Orc:2:    grunt_orc_gardens, grunt_orc_garden, grunt_orc_garden,
          grunt_orc_garden, grunt_orc_garden, serial_shops, shop,
          nicolae_shop_stone, shop_statue
Elf:1:    eino_elf_arrival_customs, hangedman_elf_disciples, uniq_nikola
Elf:2:    serial_shops, nicolae_shop_trees, basic_altar, grunt_ministairs_8,
          uniq_jorgrun
Elf:3:    minmay_elf_hall_quartered_circle, serial_shops, shop
Vaults:1: v_pattern_2, hangedman_vaults_stitches,
          nicolae_vaults_little_squares_4, ontoclasm_vaults_twist,
          vaults_mumra_hexcomb, ontoclasm_vaults_shuriken, v_misc_26,
          grunt_vaults_trifunnel, kennysheep_vaults_gozag_temple,
          vaults_mumra_lcd, serial_ice_m, vaults_room_semicircle,
          nicolae_vaults_yaktaur_gun_rack, serial_shops, shop, uniq_asterion
Vaults:2: dpeg_vaults_pockets_of_resistance, vaults_mumra_minichess_inversion,
          hangedman_vaults_cutoff, minmay_crypt_entry_simple_box,
          vaults_room_octagon, nicolae_vaults_disjoint_gnomons,
          nicolae_vaults_three_branches, vaults_room_door_hall, v_misc_25,
          vaults_room_semicircle, dpeg_vaults_monster_box, vaults_room_pool,
          serial_shops, nicolae_shop_trees, uniq_mara, uniq_norris
Vaults:3: v_pattern_1, grunt_vaults_focal, vaults_room_door_ring,
          v_alt_pattern_5, vaults_dpeg_ring, vaults_room_semicircle, v_rooms_4,
          nicolae_vaults_circle_grid_b, vaults_room_fours, grunt_vaults_swirl,
          serial_shops, nicolae_shop_statue_plus
Vaults:4: nicolae_vaults_arrows, v_misc_12, hangedman_vaults_maws,
          grunt_vaults_funnel, ontoclasm_vaults_loading_screen, v_misc_15,
          v_misc_14, ontoclasm_vaults_idyll, v_misc_23,
          nicolae_vaults_little_squares_6, vaults_mumra_minichess,
          nicolae_vaults_windows_and_doors_thing
Vaults:5: serial_shops, uniq_boris, uniq_xtahua
Crypt:1:  gammafunk_crypt_yreds_forest, fountainhead, minmay_strange_pillars
Crypt:2:  uniq_frederick, uniq_saint_roka
Crypt:3:  grunt_crypt_end_deaths_head
Depths:1: pf_coc_iceberg, serial_sigils, serial_sigils_hangedman_stare,
          serial_sigils_hangedman_snap, serial_sigils_hangedman_snap,
          serial_sigils_hangedman_leer, serial_sigils_hangedman_writhe,
          serial_sigils_hangedman_shear, kennysheep_another_room,
          minmay_misc_feat_five, nicolae_blasting_shop
Depths:2: minmay_smoke_and_mirrors, hell_entry, serial_shops, shop_statue,
          nicolae_benzene_ring
Depths:3: grunt_runaround, pan_entry, abyss_entry, hell_entry
Depths:4: minmay_expanding_circles, abyss_entry, hell_entry,
          infiniplex_staircase_spiral
Depths:5: grunt_zot_entry_hairpin, grunt_hell_entry_dis_mu, old_standard_altar,
          abyss_entry, rand_demon_pan_entry_5, grunt_ministairs_1, spider_trap,
          uniq_sojobo
Dis:4:    hangedman_dis_decor_blocks_talon, hangedman_dis_chains,
          grunt_megastairs_4
Dis:7:    dis_hangedman
Coc:7:    coc_grunt_cove
Zot:2:    hangedman_elemental_corridor
Zot:3:    grunt_deathspiral_small
Zot:4:    st_stairs_4, amethyst_zot_foddershock
Abyss:3:  evilmike_abyss_exit_5, guppyfry_abyss_exit_imp_island,
          hangedman_abyss_rune_macabre_mess, evilmike_abyss_exit_chaos
Abyss:4:  minivault_11
Pan:      evilmike_mini_pan_rooms, pan_blood_fountain_small,
          evilmike_mini_pan_pillars_b, evilmike_mini_pan_pillars,
          evilmike_mini_pan_pillars_b, reaverb_pan_chaos_star, rand_demon_1,
          pan_blood_fountain_2, evilmike_mini_pan_other_thingy,
          pan_blood_fountain, rand_demon_4, lom_lobon_spiral_st
Zig:7:    ziggurat_pillar_centre_dead_trees
Zig:14:   ziggurat_loot_1
Zig:15:   ziggurat_pillar_centre_drop
Zig:16:   ziggurat_pillar_centre_smoke
Lab:      nicolae_lab_dead_adventurers, nicolae_lab_flowing_pool,
          nicolae_lab_swirl, labyrinth_skeletal_remains
Sewer:    sewer_the_crocodile
IceCv:    ice_cave_caverns_02
Volcano:  volcano_lake

Skill      XL: |  1  2  3  4  5  6  7  8  9 10 11 12 13 14 15 16 17 18 19 20 21 22 23 24 25 26 27 |
---------------+----------------------------------------------------------------------------------+-----
Dodging        | 1 2 3 4 5 7 8 10 11 12 13 14 15 16 17 18 19 20 21 | 21.2
Crossbows      | 2 3 4 5 6 |  6.0
Fighting       | 2 3 4 5 7 8 9 11 12 13 15 17 20 21 | 21.0
Spellcasting   | 1 3 4 7 14 | 14.6
Armour         | 6 7 9 10 12 13 14 15 16 17 18 19 20 | 20.8
Axes           | 3 6 8 10 11 12 13 14 15 16 17 18 | 18.0
Shields        | 2 5 7 9 11 12 13 14 15 16 18 19 20 | 20.9
Evocations     | 6 |  6.0
Hexes          | 5 19 | 19.1
Charms         | 12 | 12.9
Translocations | 13 | 13.0
Air Magic      | 3 |  3.0
Fire Magic     | 8 |  8.3
Necromancy     | 10 | 10.0
Stealth        | |  1.7

Action                   |  1- 3 |  4- 6 |  7- 9 | 10-12 | 13-15 | 16-18 | 19-21 | 22-24 | 25-27 || total
-------------------------+-------+-------+-------+-------+-------+-------+-------+-------+-------++-------
Melee: Dagger            |   159 |     2 |       |       |       |       |       |       |       ||   161
       Hand axe          |    15 |       |       |       |       |       |       |       |       ||    15
       Short sword       |    11 |   157 |   435 |  1090 |       |       |       |       |       ||  1693
       Flail             |       |       |       |    12 |       |       |       |       |       ||    12
       Battleaxe         |       |       |       |   122 |       |       |       |       |       ||   122
       Rapier            |       |       |       |    32 |   198 |   280 |     1 |       |       ||   511
       Broad axe         |       |       |       |       |  1060 |  1047 |  1499 |  1254 |  2718 ||  7578
       Lance             |       |       |       |       |       |       |    61 |   330 |  1524 ||  1915
 Fire: Hand crossbow     |     5 |     7 |    28 |    10 |       |       |       |       |       ||    50
       Blowgun           |       |       |       |       |     7 |    15 |       |       |       ||    22
 Cast: Apportation       |       |       |       |       |       |       |       |       |     4 ||     4
       Regeneration      |       |       |       |       |       |       |       |       |   111 ||   111
       Shroud of Golubri |       |       |       |       |       |       |       |       |    32 ||    32
       Inner Flame       |       |       |       |       |       |       |       |       |    12 ||    12
       Repel Missiles    |       |       |       |       |       |       |       |       |    10 ||    10
       Confuse           |       |       |       |       |       |       |       |       |     4 ||     4
       Tukima's Dance    |       |       |       |       |       |       |       |       |     3 ||     3
Invok: Call Merchant     |       |       |       |     5 |     4 |       |     3 |     2 |     2 ||    16
       Potion Petition   |       |       |       |       |     1 |       |       |       |     5 ||     6
       Bribe Branch      |       |       |       |       |       |       |       |       |     1 ||     1
Evoke: Wand              |       |       |       |    42 |    34 |    15 |     1 |     2 |    39 ||   133
       Fan of gales      |       |       |       |     1 |     1 |     1 |       |     1 |     9 ||    13
       Deck              |       |       |       |       |     7 |     1 |       |       |       ||     8
       Box of beasts     |       |       |       |       |       |       |       |     7 |    10 ||    17
       Stone of tremors  |       |       |       |       |       |       |       |     1 |     1 ||     2
       Phantom mirror    |       |       |       |       |       |       |       |     1 |     1 ||     2
       Lamp of fire      |       |       |       |       |       |       |       |       |     8 ||     8
       Sack of spiders   |       |       |       |       |       |       |       |       |    20 ||    20
       Phial of floods   |       |       |       |       |       |       |       |       |     5 ||     5
       Horn of Geryon    |       |       |       |       |       |       |       |       |     3 ||     3
  Use: Scroll            |     5 |     5 |    11 |    27 |    16 |    13 |     7 |    20 |    82 ||   186
       Potion            |     1 |     2 |     3 |    11 |     6 |    15 |     4 |     7 |    32 ||    81
 Stab: Paralysed         |       |     2 |       |    15 |     4 |       |       |       |       ||    21
       Sleeping          |       |     1 |     5 |     1 |       |       |       |       |       ||     7
       Confused          |       |       |       |     4 |       |       |       |       |     2 ||     6
       Distracted        |       |       |       |     4 |    26 |    26 |    38 |    34 |    72 ||   200
       Invisible         |       |       |       |     2 |       |       |    23 |     2 |    39 ||    66
       Petrifying        |       |       |       |       |       |     3 |       |       |       ||     3
       Fleeing           |       |       |       |       |       |       |       |     1 |       ||     1
  Eat: Chunk             |     2 |     8 |    13 |       |       |       |       |       |       ||    23
       Fruit             |       |       |     1 |     9 |    10 |     7 |       |     2 |    22 ||    51
       Royal jelly       |       |       |       |     3 |     2 |     6 |     5 |     2 |     1 ||    19
       Bread ration      |       |       |       |     5 |     8 |     2 |     4 |     5 |     9 ||    33
       Pizza             |       |       |       |     9 |     1 |     4 |     2 |       |     2 ||    18
       Beef jerky        |       |       |       |     2 |     2 |     3 |     3 |     1 |     4 ||    15
       Meat ration       |       |       |       |       |     2 |       |       |     2 |     7 ||    11
